 Dungeon Crawl Stone Soup version 0.26.1-10-gdfb7c7de75 (webtiles) character file.

Game seed: 2041815322836717567

1464 goldendragon the Geomancer (level 8, -4/42 HPs)
             Began as a Gargoyle Earth Elementalist on Apr 10, 2021.
             Was a Believer of Sif Muna.
             Killed by divine providence
             ... invoked by an orc priest
              (16 damage)
             ... on level 6 of the Dungeon.
             The game lasted 00:39:42 (7052 turns).

goldendragon the Geomancer (GrEE)                   Turns: 7052, Time: 00:39:42

Health: -4/42      AC:  9    Str: 11    XL:     8   Next: 77%
Magic:  9/17       EV: 13    Int: 19    God:    Sif Muna [**....]
Gold:   262        SH:  0    Dex: 22    Spells: 15/19 levels left

rFire    . . .     SeeInvis .   p - +2 short sword (flame)
rCold    . . .     Faith    .   (no shield)
rNeg     + . .     Spirit   .   c - +0 robe
rPois    ∞         Reflect  .   (no helmet)
rElec    +         Harm     .   q - +0 cloak {rPois}
rCorr    .         Rampage  .   (no gloves)
Will     .....                  n - +0 pair of boots
Stlth    +++.......             (no amulet)
HPRegen  0.14/turn              i - +6 ring of dexterity
MPRegen  0.15/turn              j - +6 ring of dexterity

@: no status effects
A: negative energy resistance 1, electricity resistance, unbreathing,
petrification resistance, miasma immunity, AC +5
a: Renounce Religion, Channel Magic


You were on level 6 of the Dungeon.
You worshipped Sif Muna.
Sif Muna was pleased with you.
You visited 2 branches of the dungeon, and saw 7 of its levels.
You also visited: Ossuary.

You collected 262 gold pieces.

Inventory:

Hand Weapons
 p - a +2 short sword of flaming (weapon)
Missiles
 b - 44 stones
 f - 2 boomerangs
 s - 6 silver javelins (quivered)
Armour
 c - a +0 robe (worn)
 g - a +0 pair of boots
 n - a +0 pair of boots (worn)
 q - a +0 cloak of poison resistance (worn)
Jewellery
 e - an uncursed ring of flight
 i - a +6 ring of dexterity (left hand)
 j - a +6 ring of dexterity (right hand)
 r - a +6 ring of dexterity
 u - an uncursed ring of positive energy {unknown}
 y - an uncursed ring of poison resistance
 G - an uncursed amulet of magic regeneration {unknown}
Wands
 w - a wand of polymorph (14)
Scrolls
 a - a scroll of immolation {unknown}
 h - 6 scrolls of remove curse
 l - 3 scrolls of amnesia {unknown}
 v - 3 scrolls of fear {unknown}
 C - a scroll of summoning {unknown}
 D - a scroll of enchant weapon {unknown}
 E - a scroll of magic mapping
 F - a scroll of identify
Potions
 d - 2 potions of brilliance
 k - 2 potions of attraction {unknown}
 m - a potion of cancellation {unknown}
 o - a potion of degeneration {unknown}
 t - 2 potions of magic {unknown}
 x - 5 potions of curing {unknown}
 z - 2 potions of lignification {unknown}
 A - a potion of might {unknown}
 B - a potion of haste {unknown}


   Skills:
 + Level 0.5 Fighting
 * Level 3.3 Short Blades
 - Level 0.1 Polearms
 + Level 1.4 Throwing
 + Level 2.5 Dodging
 + Level 3.1 Stealth
 + Level 6.1 Spellcasting
 + Level 1.0 Conjurations
 + Level 0.7 Transmutations
 + Level 8.3 Earth Magic


You had 15 spell levels left.
You knew the following spells:

 Your Spells              Type           Power        Failure   Level
a - Sandblast             Erth           74%          1%          1
b - Stone Arrow           Conj/Erth      46%          4%          3

Your spell library contained the following spells:

 Spells                   Type           Power        Failure   Level
 Passwall                 Tmut/Erth      18%          2%          2
 Lee's Rapid Deconstruct  Erth           18%          10%         5
 Petrify                  Tmut/Erth      22%          17%         4


Dungeon Overview and Level Annotations

Branches:
Dungeon (6/15)             Temple (1/1) D:4         Ossuary (visited)

Altars:
Ashenzari
Cheibriados
Dithmenos
Elyvilon
Fedhas
Gozag
Hepliaklqana
Kikubaaqudgha
Makhleb
Nemelex Xobeh
Okawaru
Qazlal
Ru
Sif Muna
Trog
Uskayaw
Vehumet
Wu Jian
Xom
Yredelemnul
Zin
The Shining One

Shops:
D:5 [


Innate Abilities, Weirdness & Mutations

You are resistant to torment.
Your stone body is resilient. (AC +5)
You are immune to poison.
You resist negative energy. (rN+)
You are resistant to electric shocks. (rElec)
You can survive without breathing.
You are immune to petrification.
You are immune to miasma.


Message History

The water moccasin bites you but does no damage.
The water moccasin misses you.
The water moccasin completely misses you.
The orc priest calls down the wrath of Beogh upon you.
Beogh smites you!
* * * LOW HITPOINT WARNING * * *
The water moccasin closely misses you.
You see here a necrophage corpse.
Casting: Sandblast (safe; 1% risk of failure)
Confirm with . or Enter, or press ? or * to list all spells.
Aiming: Sandblast (safe; 1% risk of failure)
Press: ? - help, Shift-Dir - straight line, f/p - water moccasin
Aim: a water moccasin (almost dead, 30% to evade)
The blast of sand hits the water moccasin!
You kill the water moccasin!
Sif Muna accepts your kill.
b - 44 stones The orc priest invokes the aid of Beogh against you.
Beogh smites you!
You die...

#.# #.# #.# # #<#
#.###.########.#
#........).....#
#......#.#†[.#####
#..###...#)#o).###.####
.......).o.ooo.@......#
......#..#..#..#..#.#
....#..#..#..#..# ...
..#.#...#.[#..#..# .
..##.#.#..#..#..#..#
#..#..#..#..#...
##...............
####............ #.#.##


You could see an orc priest, an orc wizard and 3 orcs.

Vanquished Creatures
  Pikel (D:5)
  Sigmund (D:5)
  A water moccasin (D:6)
  A necrophage (D:6)
  2 lemures (D:5)
  5 water moccasin zombies (Ossuary)
  A scorpion (D:6)
  A hound (D:4)
  A centaur skeleton (D:6)
  An orc priest (D:6)
  A bullfrog skeleton (D:6)
  2 iguanas
  A big kobold zombie (Ossuary)
  2 mummies (Ossuary)
  8 adders
  3 river rats (D:5)
  A shadow imp (D:3)
  An ooze (D:3)
  2 adder skeletons (D:4)
  8 adder zombies (Ossuary)
  2 worms
  A dart slug (D:1)
  3 leopard geckos
  7 orcs
  7 giant cockroaches
  7 goblins
  6 hobgoblins
  4 jackals (D:1)
  8 kobolds
  A quokka (D:2)
  4 bats
  5 frilled lizards
  3 gnoll zombies (Ossuary)
  A hobgoblin zombie (Ossuary)
  A jackal zombie (D:5)
  3 kobold zombies (Ossuary)
  A leopard gecko skeleton (D:4)
  A leopard gecko zombie (D:5)
  4 orc zombies (Ossuary)
  14 rats
127 creatures vanquished.

Notes
Turn   | Place    | Note
-------+----------+-------------------------------------------
     0 | D:1      | goldendragon the Gargoyle Earth Elementalist began the
                  | quest for the Orb.
     0 | D:1      | Reached XP level 1. HP: 10/10 MP: 3/3
   279 | D:1      | Reached skill level 4 in Earth Magic
   332 | D:1      | Reached XP level 2. HP: 13/15 MP: 3/5
  1004 | D:1      | Reached XP level 3. HP: 17/19 MP: 0/6
  1501 | D:2      | Found a glowing silver altar of Zin.
  1501 | D:2      | Found a sacrificial altar of Ru.
  1502 | D:2      | Found a shadowy altar of Dithmenos.
  1734 | D:2      | Reached XP level 4. HP: 17/24 MP: 4/8
  2606 | D:3      | Learned a level 3 spell: Stone Arrow
  3103 | D:3      | Reached skill level 5 in Earth Magic
  3103 | D:3      | Reached XP level 5. HP: 24/28 MP: 4/10
  3372 | D:3      | Found a broken altar of Ashenzari.
  4220 | D:4      | Found a bloodstained altar of Trog.
  4346 | D:4      | Found a staircase to the Ecumenical Temple.
  4368 | Temple   | Entered the Ecumenical Temple
  4571 | Temple   | Became a worshipper of Sif Muna the Loreminder
  4961 | D:4      | Found a radiant altar of Vehumet.
  4961 | D:4      | Found a snail-covered altar of Cheibriados.
  5342 | D:5      | Entered Level 5 of the Dungeon
  5384 | D:5      | Found Utailise's Armour Shop.
  5391 | D:5      | Found a sand-covered staircase.
  5401 | Ossuary  | Entered an ossuary
  5411 | Ossuary  | Reached XP level 6. HP: 32/32 MP: 6/11
  5431 | Ossuary  | Reached skill level 1 in Short Blades
  5447 | Ossuary  | Reached skill level 6 in Earth Magic
  5553 | Ossuary  | Reached * piety under Sif Muna
  5682 | Ossuary  | Reached XP level 7. HP: 35/37 MP: 4/13
  6102 | D:5      | Found a blossoming altar of Fedhas.
  6195 | D:5      | Noticed Pikel
  6216 | D:5      | Killed Pikel
  6217 | D:5      | Reached skill level 1 in Throwing
  6217 | D:5      | Reached skill level 5 in Spellcasting
  6217 | D:5      | Reached skill level 7 in Earth Magic
  6217 | D:5      | Reached XP level 8. HP: 19/42 MP: 2/16
  6394 | D:5      | Got polished steam dragon scales
  6499 | D:5      | Noticed Sigmund
  6503 | D:5      | Killed Sigmund
  6504 | D:5      | Reached skill level 1 in Conjurations
  6958 | D:6      | Reached ** piety under Sif Muna
  6965 | D:6      | Reached skill level 8 in Earth Magic
  7052 | D:6      | Killed from afar by an orc priest

Illustrated notes

Levels and vault maps discovered:
D:1:      giann_forest_graveyard, layout_loops_ring, minmay_misc_feat_pillars,
          minmay_3d_cube
D:2:      layout_basic, grunt_temple_overflow_open, nrook_campfire,
          minmay_pentomino_z4
D:3:      layout_basic, lemuel_round_altar, serial_corexii_hall,
          corexii_hall_statues_x, corexii_hall_statues_s
D:4:      layout_cave_pods, gammafunk_temple_overflow_pools, temple_pool_b,
          amcnicky_altar_gilded
D:5:      layout_basic, lemuel_doored_altar, serial_shops, shop,
          portal_sewer_entry_e, enter_ossuary_1, minmay_misc_feat_tower,
          grunt_decor_one_mirror, uniq_pikel, uniq_sigmund
D:6:      layout_loops_ring, serial_shops, shop_statue,
          gammafunk_ghost_cemetery, minmay_misc_feat_diagonals,
          nicolae_ru_awakened_eye
Temple:   regret_index_temple_waves

Skill      XL: |  1  2  3  4  5  6  7  8 |
---------------+-------------------------+-----
Earth Magic    | 4 5 6 7 8 |  8.3
Spellcasting   | 3 4 5 6 |  6.1
Short Blades   | 1 2 3 |  3.3
Throwing       | 1 |  1.4
Dodging        | 2 |  2.5
Stealth        | 3 |  3.1
Conjurations   | 1 |  1.0
Fighting       | |  0.5
Polearms       | |  0.1
Transmutations | |  0.7

Action                   |  1- 3 |  4- 6 |  7- 9 || total
-------------------------+-------+-------+-------++-------
Melee: Unarmed           |     9 |       |       ||     9
       Spear             |     6 |     2 |       ||     8
       Short sword       |       |    22 |     7 ||    29
Throw: Boomerang         |     7 |       |       ||     7
       Javelin           |       |     7 |     7 ||    14
 Cast: Sandblast         |    46 |   104 |    53 ||   203
       Stone Arrow       |       |     1 |     5 ||     6
  Use: Scroll            |     3 |     3 |     2 ||     8
       Potion            |       |     1 |     1 ||     2
Armor: Robe              |    10 |    25 |    14 ||    49
       Scale mail        |       |     1 |       ||     1
Dodge: Dodged            |    27 |    46 |    28 ||   101
